 Dungeon Crawl Stone Soup version 0.27-a0-1219-g958d993ae5 (webtiles) character file.

Game seed: 18143917844187925059

525 HoaS the Ruffian (level 6, -1/48 HPs)
             Began as a Demigod Gladiator on June 6, 2021.
             Succumbed to a scorpion's poison
             ... on level 4 of the Dungeon.
             The game lasted 00:08:49 (4289 turns).

HoaS the Ruffian (Demigod Gladiator)                Turns: 4289, Time: 00:08:49

Health: -1/48      AC:  7    Str: 23    XL:     6   Next: 71%
Magic:  8/8        EV: 12    Int: 10    God:
Gold:   120        SH:  0    Dex: 15    Spells: 5/5 levels left

rFire    . . .     SeeInvis .     - Unarmed
rCold    . . .     Faith    .   (no shield)
rNeg     . . .     Spirit   .   d - +0 ring mail
rPois    .         Reflect  .   b - +0 helmet
rElec    .         Harm     .   (no cloak)
rCorr    +         Rampage  .   f - +0 pair of gloves
Will     .....                  (no boots)
Stlth    +.........             (no amulet)
HPRegen  0.16/turn              e - ring of resist corrosion
MPRegen  0.11/turn              (no ring)

@: lethally poisoned (-1 -> -14)
A: high mp 1, forlorn
a: no special abilities


You were on level 4 of the Dungeon.
You visited 1 branch of the dungeon, and saw 4 of its levels.

You collected 120 gold pieces.

Inventory:

Missiles
 a - 8 atropa-tipped darts
 c - 2 throwing nets (quivered)
Armour
 b - a +0 helmet (worn)
 d - a +0 ring mail (worn)
 f - a +0 pair of gloves (worn)
Jewellery
 e - a ring of resist corrosion (left hand)
 j - a ring of ice
Potions
 h - a potion of resistance
 k - 2 potions of mutation
 l - a potion of curing {unknown}


   Skills:
 - Level 1.7 Fighting
 - Level 1.7 Throwing
 - Level 2.6 Dodging
 + Level 7.3 Unarmed Combat


You had 5 spell levels left.
You didn't know any spells.
Your spell library contained the following spells:

 Spells                   Type           Power      Damage    Failure   Level
 Animate Skeleton         Necr           0%         N/A       52%         1
 Pain                     Necr           0%         1d4       52%         1
 Vampiric Draining        Necr           0%         2d6       88%         3
 Animate Dead             Necr           0%         N/A       99%         4
 Agony                    Necr           0%         N/A       100%        5


Dungeon Overview and Level Annotations

Branches:
Dungeon (4/15)
 Temple: D:4-7


Innate Abilities, Weirdness & Mutations

Your attributes grow dramatically as you level up.
You have an increased reservoir of magic. (+10% MP)
You shall have no god before yourself.


Message History

The scorpion is lightly wounded.
The scorpion stings you.
You are poisoned.
The scorpion poisons you!
You punch the scorpion!
The scorpion is heavily wounded.
You feel sick. The scorpion stings you.
You are more poisoned.
The scorpion poisons you!
You hit the scorpion.
The scorpion is severely wounded.
You feel very sick. The scorpion stings you.
You are more poisoned.
The scorpion poisons you!
You barely miss the scorpion.
The scorpion is severely wounded.
You feel very sick. The scorpion stings you.
You are more poisoned.
The scorpion poisons you!
You barely miss the scorpion.
The scorpion is severely wounded.
You feel very sick. The scorpion misses you.
You closely miss the scorpion.
The scorpion is severely wounded.
* * * LOW HITPOINT WARNING * * *
You feel very sick. The scorpion barely misses you.
You completely miss the scorpion.
The scorpion is severely wounded.
* * * LOW HITPOINT WARNING * * *
You feel very sick.
The scorpion stings you but does no damage.
You punch the scorpion!
You kill the scorpion!
* * * LOW HITPOINT WARNING * * *
You feel very sick.
You die...

#..# #..# #..#
########..##
...........#
########.###
#.#
############.#
.......@.....#
##############


There were no monsters in sight!

Vanquished Creatures
  An ogre (D:3)
  A scorpion (D:4)
  A jelly (D:3)
  A hound (D:4)
  Jessica (D:2)
  An iguana (D:4)
  4 orc wizards
  Natasha (D:3)
  3 gnolls (D:2)
  2 adders (D:2)
  5 dart slugs
  8 orcs
  5 bats
  13 endoplasms
  4 giant cockroaches
  2 goblins
  3 hobgoblins
  4 jackals
  4 quokkas
  6 ball pythons
  4 frilled lizards
  9 kobolds
  6 rats
89 creatures vanquished.

Vanquished Creatures (others)
  5 fungi (D:3)
  7 toadstools (D:3)
12 creatures vanquished.

Grand Total: 101 creatures vanquished

Notes
Turn   | Place    | Note
-------+----------+-------------------------------------------
     0 | D:1      | HoaS the Demigod Gladiator began the quest for the Orb.
     0 | D:1      | Reached XP level 1. HP: 17/17 MP: 3/3
    79 | D:1      | Reached skill level 3 in Unarmed Combat
   266 | D:1      | Reached XP level 2. HP: 22/24 MP: 4/4
  1204 | D:2      | Reached XP level 3. HP: 17/29 MP: 5/5
  1207 | D:2      | Reached skill level 4 in Unarmed Combat
  1519 | D:2      | Noticed Jessica
  1529 | D:2      | Killed Jessica
  1803 | D:2      | Reached XP level 4. HP: 26/36 MP: 6/6
  2168 | D:2      | Reached skill level 5 in Unarmed Combat
  2632 | D:3      | Reached XP level 5. HP: 41/41 MP: 7/7
  3180 | D:3      | Noticed Natasha
  3193 | D:3      | Killed Natasha
  3194 | D:3      | Reached skill level 6 in Unarmed Combat
  3454 | D:3      | Noticed an ogre
  3467 | D:3      | Killed an ogre
  3468 | D:3      | Reached XP level 6. HP: 48/48 MP: 8/8
  3941 | D:4      | HP: 2/48 [orc wizard/magic dart (4)]
  3944 | D:4      | Reached skill level 7 in Unarmed Combat
  4288 | D:4      | HP: 2/48 [poisoned by a scorpion]
  4289 | D:4      | Succumbed to a scorpion's poison

Illustrated notes

Levels and vault maps discovered:
D:1:      dpeg_arrival_arbitrary_a, layout_basic,
          chequers_ecumenical_altar_twisty
D:2:      layout_basic, basic_altar, uniq_jessica
D:3:      cheibrodos_fertilizer, layout_rooms, trog_butcher_becter, uniq_natasha
D:4:      layout_basic, general_overflow_altar, st_stairs_2, corner_web_ring,
          uniq_eustachio

Skill      XL: |  1  2  3  4  5  6 |
---------------+-------------------+-----
Unarmed Combat | 3 4 5 6 7 |  7.3
Fighting       | |  1.7
Throwing       | |  1.7
Dodging        | |  2.6

Action                   |  1- 3 |  4- 6 || total
-------------------------+-------+-------++-------
Melee: Unarmed           |   175 |   172 ||   347
       Punch             |     1 |     4 ||     5
Throw: Throwing net      |       |     3 ||     3
  Use: Potion            |     1 |     1 ||     2
       Scroll            |       |     5 ||     5
 Stab: Sleeping          |     2 |     2 ||     4
       Held in net/web   |       |     1 ||     1
Armor: Leather armour    |    50 |    37 ||    87
       Ring mail         |       |     9 ||     9
       Skin              |       |     1 ||     1
Dodge: Dodged            |   100 |    58 ||   158

Table legend: (Time is in decaauts)
 A = Elapsed time spent in this place.
 B = Non-inter-level travel time spent in this place.
 C = Inter-level travel time spent in this place.
 D = Time resting spent in this place.
 E = Time spent auto-exploring this place.
 F = Levels seen in this place.
 G = Mean time per level.
                   A        B        C        D        E       F      G
               +--------+--------+--------+--------+--------+-----+--------+
         Total |   4262 |   4162 |    100 |   1810 |   1582 |   4 | 1065.5 |
       Dungeon |   4262 |   4162 |    100 |   1810 |   1582 |   4 | 1065.5 |
               +--------+--------+--------+--------+--------+-----+--------+

Top non-repeatable levels by time:
     D:2: 1402 daAuts
     D:3: 1340 daAuts
     D:1: 1061 daAuts
     D:4: 458 daAuts
